 Dungeon Crawl Stone Soup version 0.28.0-53-g5a82cb258f (webtiles) character file.

Game seed: 15405121520828531944

60 Sin92 the Skirmisher (level 3, 0/29 HPs)
             Began as a Demonspawn Fighter on July 5, 2022.
             Slain by Sigmund
             ... wielding a +0 scythe
              (8 damage)
             ... on level 2 of the Dungeon.
             The game lasted 00:01:27 (1313 turns).

Sin92 the Skirmisher (Demonspawn Fighter)           Turns: 1313, Time: 00:01:27

Health: 0/29       AC: 13    Str: 16    XL:     3   Next: 80%
Magic:  0/4        EV:  9    Int:  9    God:
Gold:   77         SH:  5    Dex: 14    Spells: 4/4 levels left

rFire   . . .      SeeInvis .   a - +0 long sword
rCold   . . .      Faith    .   c - +0 buckler
rNeg    . . .      Spirit   +   b - +0 scale mail
rPois   .          Reflect  .   e - +1 hat
rElec   .          Harm     .   (no cloak)
rCorr   .          Rampage  .   (no gloves)
Will    .....                   (no boots)
Stlth   ..........              g - amulet of guardian spirit
HPRegen 0.09/turn               (no ring)
MPRegen 0.09/turn               (no ring)

@: mighty, sanguine armoured
A: sanguine armour 1, demonic magic 1
a: no special abilities


You were on level 2 of the Dungeon.
You visited 1 branch of the dungeon, and saw 2 of its levels.

You collected 77 gold pieces.

Inventory:

Hand Weapons
 a - a +0 long sword (weapon)
Armour
 b - a +0 scale mail (worn)
 c - a +0 buckler (worn)
 e - a +1 hat (worn)
Jewellery
 g - an amulet of guardian spirit (around neck)
 j - a ring of flight
Scrolls
 h - a scroll of brand weapon {unknown}
 i - a scroll of enchant weapon {unknown}
Potions
 f - a potion of mutation


   Skills:
 + Level 3.3 Fighting
 * Level 2.5 Long Blades
 + Level 2.9 Armour
 + Level 0.8 Dodging
 + Level 2.9 Shields
 + Level 1.0 Spellcasting


You had 4 spell levels left.
You didn't know any spells.
Your spell library contained the following spells:

 Spells                   Type           Power      Damage    Failure   Level
 Freeze                   Ice            0%         1d3       86%         1
 Frozen Ramparts          Ice            0%         1d2       99%         3
 Hailstorm                Conj/Ice       0%         3d3       100%        4


Dungeon Overview and Level Annotations

Branches:
Dungeon (2/15)

Altars:

Annotations:
D:2 Sigmund


Innate Abilities, Weirdness & Mutations

When seriously injured, your blood forms armour. (AC +6)
Spells you cast may paralyse adjacent enemies.


Message History

The hobgoblin closely misses you.
You hit the hobgoblin but do no damage.
The hobgoblin is heavily wounded.
The hobgoblin hits you but does no damage.
The hobgoblin barely misses you.
You slash the hobgoblin!
You kill the hobgoblin!
No target in view!
No target in view!
Things that are here:
a +0 hand axe; a +0 scale mail
Found a puce potion and 4 poisoned darts.
You pick up a book of Frost and begin reading...
You add the spells Freeze, Frozen Ramparts and Hailstorm to your library.
You see here a +0 dagger.
No target in view!
You now have 77 gold pieces (gained 9).
Found a stone staircase leading down.
No target in view!
Found a stone staircase leading up.
No target in view!
Found a plate armour.
No target in view!
Sigmund the Dreaded comes into view.
He is wielding a +0 scythe.
Sigmund shouts!
Sigmund is nearby!
You block Sigmund's attack.
Sigmund is nearby!
You barely miss Sigmund.
Sigmund is nearby!
You feel very mighty all of a sudden. Sigmund hits you with a +0 scythe.
You barely miss Sigmund. Sigmund hits you with a +0 scythe!
Your blood congeals into armour.
You completely miss Sigmund. Sigmund barely misses you.
Unknown command.
You barely miss Sigmund. Sigmund hits you with a +0 scythe!
* * * LOW HITPOINT WARNING * * *
You closely miss Sigmund. Sigmund hits you with a +0 scythe!
You die...

#.. .. ##. #. ## #
#. .##.#### .[....#
#. #.<..# #.##
#..@># ..# #..@.#
#.# ## #(...####
##.######.
#.!.....###.....##..
#.^..##..##....)##.#
#....###.##........#
#....(##........####
#........#......# #
#####...)...)...# #
#....##.....# #


You could see Sigmund.

Vanquished Creatures
  Terence (D:2)
  2 dart slugs (D:1)
  3 bats (D:1)
  3 endoplasms
  3 giant cockroaches (D:1)
  A hobgoblin (D:2)
  4 kobolds
  A quokka (D:1)
  3 ball pythons (D:1)
  3 frilled lizards (D:2)
  4 goblins
  A rat (D:1)
29 creatures vanquished.

Notes
Turn   | Place    | Note
-------+----------+-------------------------------------------
     0 | D:1      | Sin92 the Demonspawn Fighter began the quest for the Orb.
     0 | D:1      | Reached XP level 1. HP: 18/18 MP: 1/1
   235 | D:1      | Gained mutation: When seriously injured, your blood forms
                  | armour. (AC +6) [demonic ancestry]
   235 | D:1      | Reached XP level 2. HP: 23/24 MP: 2/2
   807 | D:1      | Found a faded altar of an unknown god.
  1051 | D:2      | Gained mutation: Spells you cast may paralyse adjacent
                  | enemies. [demonic ancestry]
  1051 | D:2      | Reached XP level 3. HP: 29/29 MP: 4/4
  1233 | D:2      | Noticed Terence
  1242 | D:2      | Killed Terence
  1243 | D:2      | Reached skill level 1 in Spellcasting
  1304 | D:2      | Noticed Sigmund
  1313 | D:2      | Slain by Sigmund

Illustrated notes

Levels and vault maps discovered:
D:1:      dpeg_arrival_rooms_c, layout_basic,
          shapermc_ecumenical_altar_hornbeckon
D:2:      layout_rooms, uniq_sigmund, uniq_terence

Skill      XL: |  1  2  3 |
---------------+----------+-----
Long Blades    | 2 |  2.5
Spellcasting   | 1 |  1.0
Fighting       | |  3.3
Armour         | |  2.9
Dodging        | |  0.8
Shields        | |  2.9

Action                   || total
-------------------------++-------
Melee: Long sword        ||    87
  Use: Scroll            ||     1
       Potion            ||     1
Armor: Scale mail        ||    37
Dodge: Dodged            ||    36
Block: Buckler           ||    21
